| TOP OF THE 1ST |
|
Syracuse Chiefs batting - Pitching for Buffalo Bisons : RHP Alex Escano
|
|
Pitching: RHP Alex Escano
|
|
|
Batting: LHB Darryl Strawberry
|
0-0: Ball 1-0: Ball 2-0: Swinging Strike 2-1: Foul Ball, location: 2F 2-2: Strikes out swinging
|
|
Batting: RHB Phil Garner
|
0-0: Ball 1-0: Called Strike 1-1: Ball 2-1: Ball 3-1: Called Strike 3-2: Strikes out looking
|
|
Batting: RHB Jim G Wilson
|
0-0: Swinging Strike 0-1: Foul Ball, location: 2F 0-2: Strikes out swinging
|
| Top of the 1st over - 0 runs, 0 hits, 0 errors, 0 left on base; Syracuse 0 - Buffalo 0 |
| BOTTOM OF THE 1ST |
|
Buffalo Bisons batting - Pitching for Syracuse Chiefs : RHP Bart Johnson
|
|
Pitching: RHP Bart Johnson
|
|
|
Batting: SHB George D Wright
|
0-0: Called Strike 0-1: Foul Ball, location: 2F 0-2: Foul Ball, location: 2F 0-2: Ball 1-2: Strikes out looking
|
|
Batting: LHB Doe Boyland
|
0-0: Called Strike 0-1: Ball 1-1: SINGLE (Flyball, 78S, EV 93.8 MPH)
|
|
Batting: LHB Phillip Baskerville
|
0-0: Called Strike 0-1: Called Strike Doe Boyland steals 2nd base (no throw) 0-2: Ball 1-2: Foul Ball, location: 2F 1-2: Ball 2-2: Ball 3-2: Ground out 4-3 (Groundball, 4, EV 85.0 MPH) Doe Boyland to third
|
|
Batting: LHB Gary Rajsich
|
0-0: Swinging Strike 0-1: Ball 1-1: Foul Ball, location: 2F 1-2: Fly out, F9 (Flyball, 9D, EV 96.9 MPH)
|
| Bottom of the 1st over - 0 runs, 1 hit, 0 errors, 1 left on base; Syracuse 0 - Buffalo 0 |
| TOP OF THE 2ND |
|
Syracuse Chiefs batting - Pitching for Buffalo Bisons : RHP Alex Escano
|
|
Batting: LHB Wayne Gross
|
0-0: Ball 1-0: Swinging Strike 1-1: Ball 2-1: TRIPLE (Flyball, 78XD, EV 95.6 MPH)
|
|
Batting: RHB Bobby Grich
|
0-0: Foul Ball, location: 2F 0-1: Swinging Strike 0-2: Ball 1-2: Ball 2-2: Fly out, F6 (Popup, 6M, EV 60.6 MPH)
|
|
Batting: LHB Paul O'Neill
|
0-0: Called Strike 0-1: Foul Ball, location: 2F 0-2: Fly out, F9 (Line Drive, 9, EV 97.5 MPH)
|
|
Batting: RHB Dusty Baker
|
0-0: Ball 1-0: Swinging Strike 1-1: Ball 2-1: Fly out, F6 (Popup, 56, EV 55.0 MPH)
|
| Top of the 2nd over - 0 runs, 1 hit, 0 errors, 1 left on base; Syracuse 0 - Buffalo 0 |
| BOTTOM OF THE 2ND |
|
Buffalo Bisons batting - Pitching for Syracuse Chiefs : RHP Bart Johnson
|
|
Batting: RHB John Seefried
|
0-0: Called Strike 0-1: Foul Ball, location: 2F 0-2: Ball 1-2: Ball 2-2: Ball 3-2: Ground out U3 (Groundball, 3, EV 87.5 MPH)
|
|
Batting: LHB Bob Skube
|
0-0: Swinging Strike 0-1: Foul Ball, location: 2F 0-2: Strikes out swinging
|
|
Batting: RHB Pat Keedy
|
0-0: Ball 1-0: Foul Ball, location: 2F 1-1: Ball 2-1: Fly out, F7 (Flyball, 78M, EV 93.1 MPH)
|
| Bottom of the 2nd over - 0 runs, 0 hits, 0 errors, 0 left on base; Syracuse 0 - Buffalo 0 |
| TOP OF THE 3RD |
|
Syracuse Chiefs batting - Pitching for Buffalo Bisons : RHP Alex Escano
|
|
Batting: LHB Danny Goodwin
|
0-0: Called Strike 0-1: Foul Ball, location: 2F 0-2: Ball 1-2: Foul Ball, location: 2F 1-2: Foul Ball, location: 2F 1-2: Ball 2-2: Fly out, F4 (Popup, 34, EV 61.3 MPH)
|
|
Batting: LHB Jon Jimenez
|
0-0: Ball 1-0: Ball 2-0: Called Strike 2-1: Fly out, F6 (Popup, 6, EV 62.5 MPH)
|
|
Batting: LHB Darryl Strawberry
|
0-0: Ball 1-0: Called Strike 1-1: Called Strike 1-2: Foul Ball, location: 2F 1-2: Strikes out looking
|
| Top of the 3rd over - 0 runs, 0 hits, 0 errors, 0 left on base; Syracuse 0 - Buffalo 0 |
| BOTTOM OF THE 3RD |
|
Buffalo Bisons batting - Pitching for Syracuse Chiefs : RHP Bart Johnson
|
|
Batting: RHB Nicholas Kintz
|
0-0: Ball 1-0: Called Strike 1-1: Ball 2-1: Ball 3-1: Ground out 5-3 (Groundball, 56, EV 98.1 MPH)
|
|
Batting: RHB Pat Callahan
|
0-0: Swinging Strike 0-1: Ball 1-1: Ball 2-1: Ball 3-1: Ground out 6-3 (Groundball, 15, EV 88.8 MPH)
|
|
Batting: SHB George D Wright
|
0-0: Called Strike 0-1: Foul Ball, location: 2F 0-2: Fly out, F7 (Flyball, 7D, EV 96.9 MPH)
|
| Bottom of the 3rd over - 0 runs, 0 hits, 0 errors, 0 left on base; Syracuse 0 - Buffalo 0 |
| TOP OF THE 4TH |
|
Syracuse Chiefs batting - Pitching for Buffalo Bisons : RHP Alex Escano
|
|
Batting: RHB Phil Garner
|
0-0: Foul Ball, location: 2F 0-1: Foul Ball, location: 2F 0-2: Fly out, F8 (Flyball, 8LM, EV 96.9 MPH)
|
|
Batting: RHB Jim G Wilson
|
0-0: Ball 1-0: Ball 2-0: Foul Ball, location: 2F 2-1: Ball 3-1: Ground out 5-3 (Groundball, 5L, EV 104.4 MPH)
|
|
Batting: LHB Wayne Gross
|
0-0: Ball 1-0: Called Strike 1-1: Ball 2-1: Called Strike 2-2: Strikes out looking
|
| Top of the 4th over - 0 runs, 0 hits, 0 errors, 0 left on base; Syracuse 0 - Buffalo 0 |
| BOTTOM OF THE 4TH |
|
Buffalo Bisons batting - Pitching for Syracuse Chiefs : RHP Bart Johnson
|
|
Batting: LHB Doe Boyland
|
0-0: Ball 1-0: Ground out 4-3 (Groundball, 4, EV 88.1 MPH)
|
|
Batting: LHB Phillip Baskerville
|
0-0: Ball 1-0: Ground out 5-3 (Groundball, 56, EV 106.9 MPH)
|
|
Batting: LHB Gary Rajsich
|
0-0: Called Strike 0-1: Ball 1-1: Ball 2-1: Ball 3-1: Foul Ball, location: 2F 3-2: Foul Ball, location: 2F 3-2: DOUBLE (Line Drive, 78XD, EV 111.3 MPH)
|
|
Batting: RHB John Seefried
|
0-0: Called Strike 0-1: Ball 1-1: Called Strike 1-2: Ball 2-2: Foul Ball, location: 2F 2-2: Ground out 5-3 (Groundball, 56, EV 106.9 MPH)
|
| Bottom of the 4th over - 0 runs, 1 hit, 0 errors, 1 left on base; Syracuse 0 - Buffalo 0 |
| TOP OF THE 5TH |
|
Syracuse Chiefs batting - Pitching for Buffalo Bisons : RHP Alex Escano
|
|
Batting: RHB Bobby Grich
|
0-0: Ball 1-0: Ball 2-0: Fly out, F8 (Flyball, 78D, EV 76.9 MPH)
|
|
Batting: LHB Paul O'Neill
|
0-0: Ball 1-0: Foul Ball, location: 2F 1-1: Called Strike 1-2: Ball 2-2: Foul Ball, location: 2F 2-2: Fly out, F1 (Popup, 15, EV 81.9 MPH)
|
|
Batting: RHB Dusty Baker
|
0-0: SINGLE (Line Drive, 9S, EV 102.5 MPH)
|
|
Batting: LHB Danny Goodwin
|
0-0: Ball 1-0: Called Strike Pickoff Throw by Catcher to First - Out!
|
| Top of the 5th over - 0 runs, 1 hit, 0 errors, 0 left on base; Syracuse 0 - Buffalo 0 |
| BOTTOM OF THE 5TH |
|
Buffalo Bisons batting - Pitching for Syracuse Chiefs : RHP Bart Johnson
|
|
Batting: LHB Bob Skube
|
0-0: Called Strike 0-1: Ball 1-1: Ball 2-1: Foul Ball, location: 2F 2-2: Strikes out swinging
|
|
Batting: RHB Pat Keedy
|
0-0: Ball 1-0: Foul Ball, location: 2F 1-1: Foul Ball, location: 2F 1-2: Fly out, F7 (Flyball, 7D, EV 109.4 MPH)
|
|
Batting: RHB Nicholas Kintz
|
0-0: Ball 1-0: DOUBLE (Line Drive, 9LM, EV 105.6 MPH)
|
|
Batting: RHB Pat Callahan
|
0-0: Called Strike 0-1: Ball 1-1: Swinging Strike 1-2: Foul Ball, location: 2F 1-2: Ball 2-2: Ball 3-2: Foul Ball, location: 2F 3-2: Base on Balls
|
|
Batting: SHB George D Wright
|
0-0: Swinging Strike 0-1: Called Strike 0-2: Strikes out swinging
|
| Bottom of the 5th over - 0 runs, 1 hit, 0 errors, 2 left on base; Syracuse 0 - Buffalo 0 |
| TOP OF THE 6TH |
|
Syracuse Chiefs batting - Pitching for Buffalo Bisons : RHP Alex Escano
|
|
Batting: LHB Danny Goodwin
|
0-0: Ball 1-0: Ball 2-0: Foul Ball, location: 2F 2-1: Called Strike 2-2: Strikes out swinging
|
|
Batting: LHB Jon Jimenez
|
0-0: Called Strike 0-1: Foul Ball, location: 2F 0-2: Ball 1-2: Ball 2-2: Ground out 5-3 (Groundball, 56S, EV 68.8 MPH)
|
|
Batting: LHB Darryl Strawberry
|
0-0: Called Strike 0-1: Swinging Strike 0-2: Strikes out looking
|
| Top of the 6th over - 0 runs, 0 hits, 0 errors, 0 left on base; Syracuse 0 - Buffalo 0 |
| BOTTOM OF THE 6TH |
|
Buffalo Bisons batting - Pitching for Syracuse Chiefs : RHP Bart Johnson
|
|
Batting: LHB Doe Boyland
|
0-0: Called Strike 0-1: Ball 1-1: Fly out, F5 (Popup, 5F, EV 61.3 MPH)
|
|
Batting: LHB Phillip Baskerville
|
0-0: Fly out, F2 (Popup, 25F, EV 89.4 MPH)
|
|
Batting: LHB Gary Rajsich
|
0-0: Called Strike 0-1: Swinging Strike 0-2: SINGLE (Groundball, 3D, EV 104.4 MPH)
|
|
Batting: RHB John Seefried
|
0-0: Called Strike Gary Rajsich steals 2nd base 0-1: Ball 1-1: Ball 2-1: Ball 3-1: SINGLE (Groundball, 56D, EV 106.3 MPH) Gary Rajsich to third Runner from 3rd tries for Home, SAFE, throw by LF to home
|
|
Batting: LHB Bob Skube
|
0-0: Ground out 4-3 (Groundball, 4, EV 86.3 MPH)
|
| Bottom of the 6th over - 1 run, 2 hits, 0 errors, 1 left on base; Syracuse 0 - Buffalo 1 |
| TOP OF THE 7TH |
|
Syracuse Chiefs batting - Pitching for Buffalo Bisons : RHP Alex Escano
|
|
Batting: RHB Phil Garner
|
0-0: Ball 1-0: Called Strike 1-1: Ball 2-1: SINGLE (Groundball, 6MD, EV 94.4 MPH)
|
|
Batting: RHB Jim G Wilson
|
0-0: Called Strike 0-1: 2-RUN HOME RUN (Flyball, 7D, EV 104.4 MPH), Distance : 374 ft
|
|
Batting: LHB Wayne Gross
|
0-0: Called Strike 0-1: Ball 1-1: Ball 2-1: Called Strike 2-2: Ball 3-2: Foul Ball, location: 2F 3-2: SINGLE (Groundball, 6D, EV 100.0 MPH)
|
|
Batting: RHB Bobby Grich
|
0-0: Called Strike 0-1: Ball 1-1: Swinging Strike 1-2: Strikes out swinging
|
|
Batting: LHB Paul O'Neill
|
0-0: Ball 1-0: Ball 2-0: Ball 3-0: Called Strike 3-1: DOUBLE (Groundball, 3L, EV 113.8 MPH) Wayne Gross to third
|
|
Batting: RHB Dusty Baker
|
0-0: Called Strike 0-1: Ball 1-1: Called Strike 1-2: Strikes out swinging
|
|
Batting: LHB Danny Goodwin
|
0-0: Called Strike 0-1: Ball 1-1: Foul Ball, location: 2F 1-2: Foul Ball, location: 2F 1-2: Strikes out swinging
|
| Top of the 7th over - 2 runs, 4 hits, 0 errors, 2 left on base; Syracuse 2 - Buffalo 1 |
| BOTTOM OF THE 7TH |
|
Buffalo Bisons batting - Pitching for Syracuse Chiefs : RHP Bart Johnson
|
|
Batting: RHB Pat Keedy
|
0-0: Ball 1-0: Ball 2-0: Called Strike 2-1: Foul Ball, location: 2F 2-2: Fly out, F6 (Popup, 6, EV 75.0 MPH)
|
|
Batting: RHB Nicholas Kintz
|
0-0: Ball 1-0: Ball 2-0: Foul Ball, location: 2F 2-1: Foul Ball, location: 2F 2-2: Ball 3-2: Strikes out looking
|
|
Batting: RHB Pat Callahan
|
0-0: Ball 1-0: Fly out, F7 (Flyball, 78M, EV 80.6 MPH)
|
| Bottom of the 7th over - 0 runs, 0 hits, 0 errors, 0 left on base; Syracuse 2 - Buffalo 1 |
| TOP OF THE 8TH |
|
Syracuse Chiefs batting - Pitching for Buffalo Bisons : RHP Alex Escano
|
|
Batting: LHB Jon Jimenez
|
0-0: Called Strike 0-1: Swinging Strike 0-2: Ball 1-2: Ball 2-2: Ball 3-2: Foul Ball, location: 2F 3-2: Base on Balls
|
|
Batting: LHB Darryl Strawberry
|
0-0: Called Strike Jon Jimenez steals 2nd base 0-1: Ball 1-1: Intentional Walk
|
|
Pitching: LHP Buddy Black
|
|
|
Batting: RHB Phil Garner
|
0-0: Fly out, F7 (Line Drive, 7D, EV 88.1 MPH) Runner from 2nd tags up, SAFE at 3rd, no throw by LF
|
|
Batting: RHB Jim G Wilson
|
0-0: Called Strike 0-1: Ball 1-1: Ball 2-1: Fly out, F9 (Flyball, 9D, EV 100.0 MPH) Runner from 3rd tags up, SCORES, throw by RF
|
|
Batting: LHB Wayne Gross
|
0-0: Foul Ball, location: 2F 0-1: Foul Ball, location: 2F 0-2: Foul Ball, location: 2F 0-2: Ground out 6-3 (Groundball, 6M, EV 99.4 MPH)
|
| Top of the 8th over - 1 run, 0 hits, 0 errors, 1 left on base; Syracuse 3 - Buffalo 1 |
| BOTTOM OF THE 8TH |
|
Buffalo Bisons batting - Pitching for Syracuse Chiefs : RHP Bart Johnson
|
|
Batting: SHB George D Wright
|
0-0: Called Strike 0-1: Fly out, F7 (Line Drive, 7D, EV 90.0 MPH)
|
|
Batting: LHB Doe Boyland
|
0-0: Swinging Strike 0-1: Foul Ball, location: 2F 0-2: Ball 1-2: Ground out 5-3 (Groundball, 56S, EV 91.9 MPH)
|
|
Batting: LHB Phillip Baskerville
|
0-0: Called Strike 0-1: Swinging Strike 0-2: Ball 1-2: Ground out 6-3 (Groundball, 6, EV 100.6 MPH)
|
| Bottom of the 8th over - 0 runs, 0 hits, 0 errors, 0 left on base; Syracuse 3 - Buffalo 1 |
| TOP OF THE 9TH |
|
Syracuse Chiefs batting - Pitching for Buffalo Bisons : LHP Buddy Black
|
|
Batting: RHB Bobby Grich
|
0-0: Ground out 6-3 (Groundball, 56D, EV 83.1 MPH)
|
|
Batting: LHB Paul O'Neill
|
0-0: Swinging Strike 0-1: Ball 1-1: Ball 2-1: Ball 3-1: Base on Balls
|
|
Batting: RHB Dusty Baker
|
0-0: Ball 1-0: Ball 2-0: Ball 3-0: Called Strike 3-1: Base on Balls Paul O'Neill to second
|
|
Pitching: RHP John Stuper
|
|
|
Batting: LHB Danny Goodwin
|
0-0: Ball 1-0: Called Strike 1-1: Foul Ball, location: 2F 1-2: Grounds into double play, 6-4-3 (Groundball, 6, EV 90.6 MPH)
|
| Top of the 9th over - 0 runs, 0 hits, 0 errors, 1 left on base; Syracuse 3 - Buffalo 1 |
| BOTTOM OF THE 9TH |
|
Buffalo Bisons batting - Pitching for Syracuse Chiefs : RHP Bart Johnson
|
|
Pitching: RHP Mel Stottlemyre Sr
|
|
|
Batting: LHB Gary Rajsich
|
0-0: Called Strike 0-1: Ball 1-1: Ground out 2-3 (Groundball, 15S, EV 73.1 MPH)
|
|
Batting: RHB John Seefried
|
0-0: Foul Ball, location: 2F 0-1: SINGLE (Line Drive, 56D, EV 96.9 MPH)
|
|
Batting: LHB Bob Skube
|
0-0: SINGLE (Groundball, 6MS, EV 66.9 MPH) (infield hit) John Seefried to second
|
|
Pinch Runner at 2nd John Denman:
|
|
|
Batting: RHB Pat Keedy
|
0-0: Ball 1-0: Ball 2-0: Foul Ball, location: 2F 2-1: Foul Ball, location: 2F 2-2: Fly out, F9 (Flyball, 9, EV 89.4 MPH)
|
|
Batting: RHB Nicholas Kintz
|
0-0: Ball 1-0: Foul Ball, location: 2F 1-1: Ball 2-1: Foul Ball, location: 2F 2-2: Fielders Choice at 2nd, 5-4 (Groundball, 56, EV 80.0 MPH)
|
| Bottom of the 9th over - 0 runs, 2 hits, 0 errors, 2 left on base; Syracuse 3 - Buffalo 1 |
|